 Dungeon Crawl Stone Soup version 0.31.0-11-ge490571c62 (webtiles) character file.

Game seed: 617199268834996522

1628 qw the Skirmisher (level 8, -1/46 HPs)
             Began as a Deep Elf Hunter on Feb 5, 2024.
             Slain by a hornet (7 damage)
             ... on level 7 of the Dungeon.
             The game lasted 00:01:50 (4789 turns).

qw the Skirmisher (Deep Elf Hunter)                 Turns: 4789, Time: 00:01:50

Health: -1/46      AC: 17    Str: 10    XL:     8   Next: 65%
Magic:  10/10      EV:  9    Int: 15    God:
Gold:   337        SH:  0    Dex: 21    Spells: 7/7 levels left

rFire   x . .        n - +1 longbow
rCold   + + +        (shield currently unavailable)
rNeg    . . .        p - +0 ice dragon scales
rPois   .            l - +0 helmet
rElec   .            (no cloak)
rCorr   .            b - +1 pair of gloves
SInv    .            (no boots)
Will    +....        r - amulet of faith
Stlth   +            e - +4 ring of protection
HPRegen 0.27/turn    c - ring "Seaplole" {Fly rC+ Will+ Dex+3}
MPRegen 0.12/turn

%: faith
@: flying, slowed, very slow
A: no striking features
a: no special abilities


You were on level 7 of the Dungeon.
You visited 1 branch of the dungeon, and saw 7 of its levels.

You collected 337 gold pieces.


   Skills:
 - Level 3.0 Fighting
 + Level 13.6 Ranged Weapons
 - Level 2.0 Armour
 - Level 4.0 Dodging
 - Level 1.2 Stealth


You had 7 spell levels left.
You didn't know any spells.
Your spell library was empty.

Inventory:

Hand Weapons
 n - a +1 longbow (weapon)
Armour
 b - a +1 pair of gloves (worn)
 k - a +0 ring mail
 l - a +0 helmet (worn)
 p - +0 ice dragon scales (worn)
Jewellery
 c - the ring "Seaplole" (right hand) {Fly rC+ Will+ Dex+3}
   (You found it on level 5 of the Dungeon)

   [ring of flight]

   Dex+3:     It affects your dexterity (+3).
   rC+:       It protects you from cold.
   Will+:     It increases your willpower.
   Fly:       It grants you flight.
 e - a +4 ring of protection (left hand)
 r - an amulet of faith (around neck)
Wands
 d - a wand of iceblast (6)
 q - a wand of paralysis (11)
Potions
 f - a potion of enlightenment
 h - 2 potions of curing
 j - a potion of mutation {unknown}
 m - a potion of berserk rage {unknown}
 o - a potion of might

Dungeon Overview and Level Annotations

Branches:
Dungeon (7/15)
 Temple: D:4-7

Altars:
Hepliaklqana
Nemelex Xobeh
Qazlal
The Shining One

Annotations:
D:7 Maggie


Message History

4780 ||| RETREEEEATING.
The hornet stings you but does no damage.
Maggie gestures wildly while chanting.
Maggie attempts to bespell you! You resist with almost no effort.
The jelly closely misses you. The hornet stings you!
You feel as though you will be slow longer.
4781 ||| RETREEEEATING.
Maggie says, "Have you seen any dragons?"
The jelly attacks as it pursues you! The jelly barely misses you.
The hornet stings you.
You feel as though you will be slow longer.
4782 ||| RETREEEEATING.
The hornet stings you but does no damage.
The jelly hits you but does no damage.
Things that are here:
a +0 halberd; a +0 spear; a gnoll corpse
4783 ||| RETREEEEATING.
The hornet closely misses you.
You see here a +0 spear.
4784 ||| RETREEEEATING.
The hornet stings you but does no damage.
The hornet closely misses you.
4785 ||| RETREEEEATING.
You feel yourself speed up. The hornet barely misses you.
Maggie mumbles some strange words.
Maggie attempts to bespell you! You resist with almost no effort.
4786 ||| RETREEEEATING.
4787 ||| RETREEEEATING.
The hornet attacks as it pursues you! The hornet stings you!
You feel yourself slow down. The hornet stings you!
You feel as though you will be slow longer.
4788 ||| RETREEEEATING.
The hornet attacks as it pursues you!
The hornet stings you but does no damage.
Maggie casts a spell at you. The bolt of fire misses you.
The hornet barely misses you.
4789 ||| RETREEEEATING.
The hornet attacks as it pursues you! The hornet stings you!
You die...

#.. .... ... ..# #.# #.#
## #.# #.####...# #.#
#..<...# ##########.#
#.####...# ...........#
#......#...
.########..####.#####.#
# #...y@...#
##...###.######.#
#z@.............#
########.####.....####.#
#.....)).#c.##...## $#
.......#l# ..##.## ..#
........h## 5.#.# ..#
######....## '#.#O.#
#.....###5h.###..


You could see Maggie, a hornet and a wight.

Vanquished Creatures
  A water moccasin (D:6)
  Duvessa (D:6)
  An orc warrior (D:6)
  3 ogres
  2 bullfrogs
  3 scorpions
  4 wights (D:6)
  Dowan (D:6)
  A bombardier beetle (D:5)
  4 hounds
  An orc priest (D:6)
  2 iguanas
  2 sleepcaps
  4 gnolls (D:7)
  6 adders
  A shadow imp (D:4)
  2 ufetubi (D:6)
  A ribbon worm (D:2)
  6 dart slugs
  20 orcs
  6 endoplasms
  7 giant cockroaches
  7 goblins
  8 hobgoblins
  A quokka (D:2)
  3 ball pythons
  4 bats
  3 frilled lizards
  2 kobolds
  10 rats
117 creatures vanquished.

Notes
Turn   | Place    | Note
-------+----------+-------------------------------------------
     0 | D:1      | qw the Deep Elf Hunter began the quest for the Orb.
     0 | D:1      | Reached XP level 1. HP: 12/12 MP: 3/3
     0 | D:1      | 0 ||| qw: Version: 0.3-a-160-g6735b56
     0 | D:1      | 0 ||| qw: Game counter: 6441
     0 | D:1      | 0 ||| qw: Melee chars always use a shield: true
     0 | D:1      | 0 ||| qw: God list: Okawaru
     0 | D:1      | 0 ||| qw: Allow faded altars: false
     0 | D:1      | 0 ||| qw: Do Orc after clearing Dungeon:15 true
     0 | D:1      | 0 ||| qw: Do second Lair branch before Depths: true
     0 | D:1      | 0 ||| qw: Lair rune preference: random
     0 | D:1      | 0 ||| qw: Goals: Normal
     0 | D:1      | 0 ||| PLANNING D:1-11
   248 | D:1      | Reached skill level 6 in Ranged Weapons
   248 | D:1      | Reached XP level 2. HP: 16/16 MP: 4/4
   738 | D:1      | 738 ||| READING scroll labelled SIORAODOCW.
   839 | D:1      | 839 ||| READING scroll labelled BUKLET BEDERR.
   840 | D:1      | 840 ||| DROPPING scroll of butterflies.
   890 | D:2      | Reached XP level 3. HP: 19/20 MP: 5/5
  1022 | D:2      | Reached skill level 7 in Ranged Weapons
  1074 | D:2      | 1074 ||| FLEEEEING.
  1075 | D:2      | 1075 ||| FLEEEEING.
  1077 | D:2      | 1077 ||| FLEEEEING.
  1078 | D:2      | 1078 ||| FLEEEEING.
  1108 | D:2      | Reached XP level 4. HP: 25/25 MP: 6/6
  1152 | D:2      | Found a faded altar of an unknown god.
  1292 | D:2      | 1292 ||| UPGRADING to +0 pair of gloves.
  1297 | D:2      | 1297 ||| UPGRADING to +4 ring of protection.
  1298 | D:2      | 1298 ||| READING scroll labelled ZIMILO UMPEO.
  1298 | D:2      | 1298 ||| ENCHANTING +0 pair of gloves.
  1798 | D:3      | 1798 ||| SWAPPING to +0 longbow.
  1799 | D:3      | 1799 ||| DROPPING +0 shortbow.
  1830 | D:3      | 1830 ||| UPGRADING to +0 ring mail.
  1840 | D:3      | 1840 ||| DROPPING +0 leather armour.
  1841 | D:3      | 1841 ||| READING scroll labelled ISOQOICR REAC.
  1846 | D:3      | 1846 ||| READING 2 scrolls labelled MEMPYST LOIHOF.
  1846 | D:3      | 1846 ||| IDENTIFYING glowing purple potion
  1847 | D:3      | 1847 ||| READING scroll of identify.
  1847 | D:3      | 1847 ||| IDENTIFYING bubbling pink potion
  1848 | D:3      | 1848 ||| READING scroll labelled WEOTYS IDIURIO.
  1894 | D:3      | 1894 ||| DROPPING potion of lignification.
  1945 | D:4      | Reached skill level 8 in Ranged Weapons
  1986 | D:4      | Noticed a scorpion
  1987 | D:4      | Reached XP level 5. HP: 29/29 MP: 7/7
  2031 | D:4      | Found a glowing golden altar of the Shining One.
  2282 | D:4      | Noticed an ogre
  2286 | D:4      | 2286 ||| FLEEEEING.
  2287 | D:4      | 2287 ||| FLEEEEING.
  2288 | D:4      | 2288 ||| FLEEEEING.
  2289 | D:4      | 2289 ||| FLEEEEING.
  2294 | D:4      | Killed an ogre
  2295 | D:4      | Reached skill level 9 in Ranged Weapons
  2367 | D:4      | Reached XP level 6. HP: 35/35 MP: 8/8
  2542 | D:4      | 2542 ||| READING scroll labelled GIMALEE ROEFUMO.
  2543 | D:4      | 2543 ||| READING scroll labelled ZIWATO GUXTEAV.
  2543 | D:4      | 2543 ||| ENCHANTING +0 longbow.
  2571 | D:5      | Entered Level 5 of the Dungeon
  2664 | D:5      | Identified the ring "Seaplole" {Fly rC+ Will+ Dex+3}
  2761 | D:5      | Reached skill level 10 in Ranged Weapons
  2830 | D:5      | Found a sparkling altar of Nemelex Xobeh.
  2907 | D:5      | Reached skill level 3 in Dodging
  2924 | D:5      | Reached skill level 1 in Armour
  2924 | D:5      | Reached XP level 7. HP: 40/40 MP: 9/9
  2932 | D:5      | Identified the +0 leather armour of the Crypt {Int+3}
  2983 | D:5      | Found a stormy altar of Qazlal.
  3359 | D:5      | 3359 ||| UPGRADING to +0 helmet.
  3364 | D:5      | 3364 ||| DROPPING +0 leather armour of the Crypt {Int+3}.
  3365 | D:5      | 3365 ||| UPGRADING to amulet of faith.
  3370 | D:5      | 3370 ||| UPGRADING to ring "Seaplole" {Fly rC+ Will+
                  | Dex+3}.
  3371 | D:5      | 3371 ||| READING scroll of identify.
  3371 | D:5      | 3371 ||| IDENTIFYING green potion
  3404 | D:6      | Noticed Duvessa
  3408 | D:6      | Noticed Dowan
  3412 | D:6      | Killed Duvessa
  3413 | D:6      | Reached skill level 11 in Ranged Weapons
  3413 | D:6      | 3413 ||| ZAPPING wand of iceblast (8) at 2,0 (Dowan;
                  | floor).
  3414 | D:6      | Killed Dowan
  3680 | D:6      | Found a hazy altar of Hepliaklqana.
  3776 | D:6      | Reached XP level 8. HP: 29/44 MP: 10/10
  3776 | D:6      | 3776 ||| FLEEEEING.
  3777 | D:6      | 3777 ||| FLEEEEING.
  3778 | D:6      | 3778 ||| FLEEEEING.
  3779 | D:6      | 3779 ||| FLEEEEING.
  3781 | D:6      | 3781 ||| FLEEEEING.
  3782 | D:6      | 3782 ||| FLEEEEING.
  3783 | D:6      | 3783 ||| FLEEEEING.
  3784 | D:6      | 3784 ||| FLEEEEING.
  3785 | D:6      | 3785 ||| FLEEEEING.
  3786 | D:6      | 3786 ||| FLEEEEING.
  3787 | D:6      | 3787 ||| FLEEEEING.
  3788 | D:6      | 3788 ||| FLEEEEING.
  3789 | D:6      | 3789 ||| FLEEEEING.
  3790 | D:6      | 3790 ||| FLEEEEING.
  3791 | D:6      | 3791 ||| FLEEEEING.
  3792 | D:6      | 3792 ||| FLEEEEING.
  3793 | D:6      | 3793 ||| FLEEEEING.
  3794 | D:6      | 3794 ||| FLEEEEING.
  3795 | D:6      | 3795 ||| FLEEEEING.
  3796 | D:6      | 3796 ||| FLEEEEING.
  3797 | D:6      | 3797 ||| STAIRDANCE
  3828 | D:5      | 3828 ||| UPGRADING to +0 ice dragon scales.
  3838 | D:5      | 3838 ||| DRINKING 3 grey potions.
  3839 | D:5      | 3839 ||| DRINKING 2 gluggy blue potions.
  3900 | D:6      | 3900 ||| FLEEEEING.
  3901 | D:6      | 3901 ||| FLEEEEING.
  3902 | D:6      | 3902 ||| STAIRDANCE
  3943 | D:6      | Reached skill level 12 in Ranged Weapons
  3955 | D:6      | Reached skill level 3 in Fighting
  4016 | D:6      | HP: 7/46 [ogre/+0 giant club (5)]
  4017 | D:6      | 4017 ||| READING 4 scrolls of teleportation.
  4018 | D:6      | 4018 ||| DRINKING 2 potions of heal wounds.
  4028 | D:6      | 4028 ||| FLEEEEING.
  4029 | D:6      | 4029 ||| FLEEEEING.
  4030 | D:6      | 4030 ||| STAIRDANCE
  4078 | D:6      | HP: 8/46 [ogre/+0 giant club (16)]
  4079 | D:6      | 4079 ||| READING 3 scrolls of teleportation.
  4080 | D:6      | 4080 ||| DRINKING potion of heal wounds.
  4083 | D:6      | 4083 ||| FLEEEEING.
  4084 | D:6      | 4084 ||| FLEEEEING.
  4085 | D:6      | 4085 ||| FLEEEEING.
  4089 | D:6      | 4089 ||| FLEEEEING.
  4090 | D:6      | 4090 ||| FLEEEEING.
  4091 | D:6      | 4091 ||| FLEEEEING.
  4093 | D:6      | 4093 ||| READING 2 scrolls of teleportation.
  4096 | D:6      | 4096 ||| READING scroll of teleportation.
  4397 | D:6      | Reached skill level 13 in Ranged Weapons
  4732 | D:7      | 4732 ||| FLEEEEING.
  4771 | D:7      | Noticed Maggie
  4772 | D:7      | 4772 ||| ZAPPING wand of light (2) at 1,4 (Maggie; floor).
  4773 | D:7      | 4773 ||| ZAPPING wand of light (1) at 1,3 (Maggie; floor).
  4774 | D:7      | 4774 ||| ZAPPING wand of iceblast (7) at 1,2 (Maggie;
                  | floor).
  4775 | D:7      | 4775 ||| RETREEEEATING.
  4776 | D:7      | 4776 ||| RETREEEEATING.
  4776 | D:7      | Noticed a hornet
  4778 | D:7      | 4778 ||| RETREEEEATING.
  4779 | D:7      | 4779 ||| RETREEEEATING.
  4780 | D:7      | 4780 ||| RETREEEEATING.
  4781 | D:7      | 4781 ||| RETREEEEATING.
  4782 | D:7      | 4782 ||| RETREEEEATING.
  4783 | D:7      | 4783 ||| RETREEEEATING.
  4784 | D:7      | 4784 ||| RETREEEEATING.
  4785 | D:7      | 4785 ||| RETREEEEATING.
  4786 | D:7      | 4786 ||| RETREEEEATING.
  4787 | D:7      | 4787 ||| RETREEEEATING.
  4787 | D:7      | HP: 5/46 [hornet (11)]
  4788 | D:7      | 4788 ||| RETREEEEATING.
  4789 | D:7      | 4789 ||| RETREEEEATING.
  4789 | D:7      | Slain by a hornet

Levels and vault maps discovered:
D:1:      evilmike_arrival_home_sweet_home, layout_basic,
          minmay_misc_feat_cross, hangedman_decor_slide_cut, minivault_11
D:2:      layout_rooms, serial_aquarium, aquarium_bridge_square
          [aquarium_subvault_window, aquarium_subvault_bridge,
          aquarium_subvault_wall, aquarium_subvault_bridge], aquarium_window_1,
          aquarium_window_1, aquarium_view_2a, basic_ecumenical_altar
D:3:      layout_loops_cross
D:4:      layout_basic, tso_oasis_becter, hangedman_feature_mirror,
          minmay_starry_boxes
D:5:      layout_loops_corners, mainiacjoe_overflow_alcove_2,
          nemelex_spade_bored_becter, serial_bayou_ford_a, solitary_fountain
D:6:      layout_basic, mainiacjoe_overflow_concentric_impassable,
          lightli_orcish_oven, uniq_duvessa
D:7:      cheibrodos_barr_body, layout_loops_ring,
          nicolae_overflow_hidden_temple, jmf_multi_god_temple,
          minmay_temple_entry_grid, amethyst_killhole, uniq_jeremiah,
          uniq_maggie

Skill      XL: |  1  2  3  4  5  6  7  8 |
---------------+-------------------------+-----
Ranged Weapons | 6 7 8 9 10 11 13 | 13.6
Fighting       | 2 3 |  3.0
Dodging        | 3 4 |  4.0
Armour         | 1 2 |  2.0
Stealth        | |  1.2

Action                     |  1- 3 |  4- 6 |  7- 9 || total
---------------------------+-------+-------+-------++-------
   Fire: Shortbow          |    99 |    56 |       ||   155
         Longbow           |       |    64 |   137 ||   201
  Evoke: Wand              |       |       |     4 ||     4
    Use: Scroll            |     2 |     7 |     5 ||    14
         Potion            |       |       |     4 ||     4
 Armour: Leather armour    |    14 |     6 |       ||    20
         Ring mail         |       |    15 |    13 ||    28
         Ice dragon scales |       |       |    56 ||    56
  Dodge: Dodged            |    12 |    29 |    59 ||   100

Table legend:
 A = Non-vault XP
 B = Vault XP
 C = Vault XP percentage of total XP
 D = Non-vault monster count
 E = Vault monster count
 F = Vault count percentage of total count
                 A         B        C        D         E       F
            +---------+---------+-------+---------+---------+-------
      Total |    1912 |     414 |  17.8 |     103 |      14 |  12.0
            +---------+---------+-------+---------+---------+-------
        D:1 |      40 |       0 |   0.0 |      21 |       0 |   0.0
        D:2 |      78 |       0 |   0.0 |      22 |       0 |   0.0
        D:3 |      28 |       0 |   0.0 |      14 |       0 |   0.0
        D:4 |     125 |     185 |  59.7 |      10 |       7 |  41.2
        D:5 |     415 |       0 |   0.0 |       7 |       0 |   0.0
        D:6 |    1073 |     229 |  17.6 |      24 |       7 |  22.6
        D:7 |     153 |       0 |   0.0 |       5 |       0 |   0.0
            +---------+---------+-------+---------+---------+-------
